 Dungeon Crawl Stone Soup version 0.28-a0-1555-g9ae15a6949 (webtiles) character file.

Game seed: 11858010879480795456

1491 kae the Insei (level 8, -1/70 (79) HPs)
             Began as a Black Draconian Transmuter on Jan 18, 2022.
             Was an Initiate of Ru.
             Slain by a wight (3 damage)
             ... while paralysed by Grinder
             ... in a sewer.
             The game lasted 00:07:04 (6056 turns).

kae the Insei (Black Draconian Transmuter)          Turns: 6056, Time: 00:07:05

HP:   -1/70 (79)    AC:  7    Str: 12    XL:     8   Next: 51%
MP:   6/13          EV:  1    Int: 16    God:    Ru [......]
Gold: 177           SH:  0    Dex: 14    Spells: 6/14 levels left

rFire   x . .      SeeInvis .     - Unarmed
rCold   + + +      Faith    .   (shield currently unavailable)
rNeg    . . .      Spirit   .   (armour unavailable)
rPois   +          Reflect  .   (helmet currently unavailable)
rElec   .          Harm     .   (cloak currently unavailable)
rCorr   .          Rampage  .   (gloves currently unavailable)
Will    .....                   (boots currently unavailable)
Stlth   +.........              d - amulet of the acrobat
HPRegen 0.21/turn               b - ring of poison resistance
MPRegen 0.13/turn               (no ring)

@: paralysed, short of breath, ice-form, heavily drained
A: freezing attack, amphibious, boosted hp, (breathe lightning), AC +6, large,
unfitting armour, (electricity resistance), (cold-blooded), agile 1
a: End Transformation, Renounce Religion, Sacrifice Health, Sacrifice Drink,
Sacrifice Courage, Reject Sacrifices


You were in a sewer.
You worshipped Ru.
Ru was noncommittal.
You were a creature of crystalline ice.
You visited 1 branch of the dungeon, and saw 5 of its levels.
You also visited: Sewer.

You collected 177 gold pieces.

Inventory:

Armour
 e - a +2 cloak of poison resistance (melded)
 g - a +0 pair of gloves (melded)
Jewellery
 b - a ring of poison resistance (left front paw)
 d - an amulet of the acrobat (around neck)
Wands
 h - a wand of acid (7)
 i - a wand of iceblast (6)
 o - a wand of flame (21)
Scrolls
 j - 4 scrolls of teleportation
 n - a scroll of summoning
 p - a scroll of magic mapping {unknown}
Potions
 c - a potion of lignification
 f - a potion of attraction
 k - a potion of resistance {unknown}
 l - a potion of haste {unknown}
 m - a potion of magic {unknown}


   Skills:
 + Level 4.0 Fighting
 + Level 3.6 Dodging
 * Level 5.9 Unarmed Combat
 + Level 3.7 Spellcasting
 * Level 5.5 Transmutations
 * Level 3.5 Ice Magic
 - Level 2.0 Poison Magic


You had 6 spell levels left.
You knew the following spells:

 Your Spells              Type           Power      Damage    Failure   Level
a - Beastly Appendage     Tmut           40%        N/A       1%          1
b - Spider Form           Tmut/Pois      15%        N/A       11%         3
c - Ice Form              Ice/Tmut       17%        N/A       26%         4

Your spell library contained the following spells:

 Spells                   Type           Power      Damage    Failure   Level
 Wereblood                Tmut           20%        N/A       2%          2
 Magic Dart               Conj           12%        1d3       17%         1
 Blink                    Tloc           6%         N/A       26%         2
 Call Imp                 Summ           3%         N/A       26%         2
 Mephitic Cloud           Conj/Pois/Air  5%         N/A       36%         3
 Dazzling Flash           Conj/Hex       6%         N/A       45%         3
 Iskenderun's Mystic Bla  Conj/Tloc      3%         2d3       86%         4
 Manifold Assault         Tloc           3%         N/A       99%         5
 Starburst                Conj/Fire      1%         6d3       100%        6
 Storm Form               Tmut/Air       5%         N/A       100%        7


Dungeon Overview and Level Annotations

Branches:
Dungeon (5/15)             Temple (0/1) D:5           Sewer (1/1)

Altars:
Ashenzari
Dithmenos
Elyvilon
Fedhas
Hepliaklqana
Okawaru
Qazlal
Ru
Vehumet
The Shining One

Annotations:
Sewer Grinder


Innate Abilities, Weirdness & Mutations

You are a creature of crystalline ice.
You have a powerful freezing melee attack.
You are amphibious.
Your maximum health is increased.
Your armour is entirely melded.
You are incapable of wielding weapons or throwing items.
((You can breathe wild blasts of lightning.))
((Your glossy black scales are hard. (AC +6)))
You cannot fit into any form of body armour.
((You are resistant to electric shocks. (rElec)))
((You are cold-blooded and may be slowed by cold attacks.))
You are agile. (Dex +2)


Message History

The wight hits you from afar with a +0 spear.
* * * LOW HITPOINT WARNING * * *
Grinder gestures at you.
You shrug off the repeated paralysis!
The wight hits you from afar with a +0 spear.
* * * LOW HITPOINT WARNING * * *
You feel drained.
* * * LOW HITPOINT WARNING * * *
You can move again.
Unknown command.
Unknown command.
Unknown command.
Unknown command.
You barely miss Grinder.
Grinder is heavily wounded.
Grinder closely misses you.
The wight hits you from afar with a +0 spear.
* * * LOW HITPOINT WARNING * * *
You feel drained.
Your magical contamination has completely faded away.
You punch Grinder!
Grinder is severely wounded.
Grinder blinks!
The wight hits you from afar with a +0 spear.
* * * LOW HITPOINT WARNING * * *
You feel drained.
* * * LOW HITPOINT WARNING * * *
It was a potion of mutation.
You feel extremely strange.
You feel agile. Grinder gestures at you.
You suddenly lose the ability to move!
The wight hits you from afar with a +0 spear.
* * * LOW HITPOINT WARNING * * *
The ball python bites you but does no damage.
The ball python bites you but does no damage.
Grinder gestures at you. Pain shoots through your body!
* * * LOW HITPOINT WARNING * * *
The wight hits you from afar with a +0 spear.
You die...

≈≈≈≈≈≈ ≈≈≈# ≈≈≈≈≈≈
≈≈≈#
################.##
≈≈≈≈≈≈≈≈≈.).≈≈#
≈≈≈≈≈≈≈≈≈≈≈≈≈)#..≈#
≈≈≈≈≈≈≈≈≈≈≈≈≈.#.5≈#
≈≈≈≈≈≈≈≈≈≈≈≈≈.#†)≈#
≈≈≈≈≈≈≈≈≈≈≈≈..#)≈≈#
≈≈≈≈≈≈≈≈≈≈≈...#)Y≈#
##≈#≈≈###≈#.####S##
............≈≈#5Kz#
..)....)...≈≈≈≈.KKK
............≈≈#...#.
#≈##≈##≈###.####.###.
≈≈≈≈≈≈≈≈≈≈≈...#.≈≈#
..
≈≈≈≈≈≈≈≈≈≈≈...#.≈≈#
'' ≈≈≈≈≈≈≈≈≈≈≈≈≈.#


You could see Grinder, a wight, an ufetubus, a ball python and 4 kobolds.

Vanquished Creatures
  Pikel (D:3)
  2 ogres
  An ice beast (D:5)
  2 phantoms
  2 water moccasin skeletons (D:4)
  A centaur zombie (D:5)
  A hound (D:5)
  A bullfrog skeleton (D:4)
  2 orc priests
  A jelly (D:2)
  An iguana (D:5)
  4 orc wizards
  A howler monkey zombie (D:5)
  8 adders
  A shadow imp (Sewer)
  2 ufetubi (Sewer)
  2 worms
  2 dart slugs
  15 orcs
  A bat zombie (Sewer)
  12 endoplasms
  2 giant cockroaches
  6 goblins
  7 hobgoblins
  4 jackals (D:1)
  2 quokkas
  5 ball pythons
  8 bats
  3 frilled lizards
  A jackal skeleton (D:2)
  23 kobolds
  A kobold zombie (Sewer)
  6 rats
131 creatures vanquished.

Notes
Turn   | Place    | Note
-------+----------+-------------------------------------------
     0 | D:1      | kae the Draconian Transmuter began the quest for the Orb.
     0 | D:1      | Reached XP level 1. HP: 16/16 MP: 3/3
   219 | D:1      | Reached XP level 2. HP: 22/23 MP: 3/5
   846 | D:1      | Reached XP level 3. HP: 25/28 MP: 6/6
  1566 | D:2      | Learned a level 3 spell: Spider Form
  1907 | D:2      | Reached XP level 4. HP: 25/36 MP: 5/7
  2134 | D:2      | Found a hazy altar of Hepliaklqana.
  2395 | D:3      | Reached skill level 1 in Poison Magic
  2508 | D:3      | Found a radiant altar of Vehumet.
  2719 | D:3      | Found an iron altar of Okawaru.
  3087 | D:3      | Identified the +4 dagger "Murmur" {elec, Contam rN++ Str+4
                  | Dex+2}
  3174 | D:4      | Reached XP level 5. HP: 33/41 MP: 6/8
  3293 | D:4      | Noticed a lemure
  3293 | D:4      | Noticed a lemure
  3293 | D:4      | Noticed a lemure
  3293 | D:4      | Noticed Pikel
  3296 | D:4      | Noticed a lemure
  3395 | D:4      | Found a white marble altar of Elyvilon.
  3843 | D:4      | Noticed an ogre
  3855 | D:4      | Killed an ogre
  3856 | D:4      | Reached XP level 6. HP: 24/50 MP: 3/10
  4107 | D:4      | Found a sacrificial altar of Ru.
  4121 | D:4      | Became a worshipper of Ru the Awakened
  4457 | D:2      | Learned a level 4 spell: Ice Form
  4500 | D:3      | Killed Pikel
  4501 | D:3      | Reached skill level 5 in Unarmed Combat
  4501 | D:3      | Your scales start taking on a glossy black colour.
  4501 | D:3      | Reached XP level 7. HP: 41/57 MP: 6/11
  4501 | D:3      | Gained mutation: You are resistant to electric shocks.
                  | (rElec) [Black Draconian growth]
  5100 | D:4      | Found a blossoming altar of Fedhas.
  5386 | D:5      | Entered Level 5 of the Dungeon
  5412 | D:5      | Reached skill level 5 in Transmutations
  5412 | D:5      | Reached XP level 8. HP: 59/64 MP: 11/13
  5628 | D:5      | Found a staircase to the Ecumenical Temple.
  5748 | D:5      | Found a shadowy altar of Dithmenos.
  5750 | D:5      | Found a stormy altar of Qazlal.
  5755 | D:5      | Found a broken altar of Ashenzari.
  5755 | D:5      | Found a glowing golden altar of the Shining One.
  5801 | D:5      | Found a glowing drain.
  5814 | Sewer    | Entered a sewer
  6027 | Sewer    | Noticed Grinder
  6040 | Sewer    | Paralysed by Grinder for 4 turns
  6050 | Sewer    | Paralysed by Grinder for 2 turns
  6055 | Sewer    | Gained mutation: You are agile. (Dex +2) [potion of
                  | mutation]
  6055 | Sewer    | Paralysed by Grinder for 4 turns
  6056 | Sewer    | HP: 2/70 [Grinder/nerve-wracking pain (3)]
  6056 | Sewer    | Slain by a wight

Illustrated notes

Levels and vault maps discovered:
D:1:      minmay_arrival_radiant_lines, layout_basic
D:2:      kennysheep_six_static_rooms, layout_basic, basic_altar
D:3:      layout_loops_ring, mainiacjoe_overflow_brackets,
          nicolae_vehumet_radiance
D:4:      layout_gridville, mainiacjoe_overflow_small_starburst,
          general_overflow_altar, elyvilon_altar_5, kennysheep_generic_room_2,
          uniq_pikel
D:5:      layout_basic, grunt_temple_overflow_open, temple_fountains,
          portal_sewer_entry_a, uniq_eustachio
Sewer:    kennysheep_sewer_church

Skill      XL: |  1  2  3  4  5  6  7  8 |
---------------+-------------------------+-----
Dodging        | 2 3 |  3.6
Fighting       | 2 3 4 |  4.0
Transmutations | 3 4 5 |  5.5
Poison Magic   | 1 2 |  2.0
Unarmed Combat | 4 5 |  5.9
Spellcasting   | 3 |  3.7
Ice Magic      | 2 3 |  3.5

Action                   |  1- 3 |  4- 6 |  7- 9 || total
-------------------------+-------+-------+-------++-------
Melee: Unarmed           |   100 |   111 |   192 ||   403
       Headbutt          |    12 |    14 |     1 ||    27
       Kick              |    17 |    20 |     1 ||    38
       Tailslap          |     3 |    10 |     8 ||    21
       Punch             |       |     1 |     4 ||     5
 Cast: Beastly Appendage |    20 |    21 |     4 ||    45
       Spider Form       |       |     6 |    11 ||    17
       Ice Form          |       |     2 |     5 ||     7
 Abil: Breathe Lightning |       |       |     4 ||     4
Evoke: Wand              |       |       |     2 ||     2
  Use: Scroll            |     2 |     3 |     2 ||     7
       Potion            |       |       |     3 ||     3
Armor: Skin              |    39 |    33 |    62 ||   134
Dodge: Dodged            |    81 |    71 |   178 ||   330

Table legend: (Time is in decaauts)
 A = Elapsed time spent in this place.
 B = Non-inter-level travel time spent in this place.
 C = Inter-level travel time spent in this place.
 D = Time resting spent in this place.
 E = Time spent auto-exploring this place.
 F = Levels seen in this place.
 G = Mean time per level.
                   A        B        C        D        E       F      G
               +--------+--------+--------+--------+--------+-----+--------+
         Total |   6031 |   5828 |    203 |   1002 |   3487 |   6 | 1005.2 |
       Dungeon |   5796 |   5593 |    203 |    977 |   3392 |   5 | 1159.2 |
         Sewer |    235 |    235 |      0 |     25 |     95 |   1 |  235.0 |
               +--------+--------+--------+--------+--------+-----+--------+

Top non-repeatable levels by time:
     D:4: 1633 daAuts
     D:1: 1355 daAuts
     D:3: 1237 daAuts
     D:2: 1150 daAuts
     D:5: 420 daAuts
   Sewer: 235 daAuts
